 Dungeon Crawl Stone Soup version 0.21.0-3-g78d12a8 (webtiles) character file.

4200 Ghouzt the Protected (level 10, -2/91 HPs)
             Began as a Gargoyle Berserker on Jan 8, 2018.
             Was a High Priest of Trog.
             Slain by an orc warrior
             ... wielding a +0 trident
              (10 damage)
             ... on level 8 of the Dungeon.
             The game lasted 00:22:41 (7588 turns).

Ghouzt the Protected (Gargoyle Berserker)           Turns: 7588, Time: 00:22:41

Health: -2/91      AC: 25    Str: 21 (24) XL:     10   Next: 29%
Magic:  10/10      EV:  2    Int: 11 (13) God:    Trog [*****.]
Gold:   539        SH:  0    Dex: 12 (14) Spells: 9/9 levels left

rFire    + . .     SeeInvis .   w - +0 dire flail
rCold    + . .     Gourm    .   (shield currently unavailable)
rNeg     + + +     Faith    .   (armour currently unavailable)
rPois    ∞         Spirit   .   (helmet currently unavailable)
rElec    +         Reflect  .   (cloak currently unavailable)
rCorr    +         Harm     .   (gloves currently unavailable)
MR       .....     Rnd*Rage +   (boots currently unavailable) Stlth ++........NoTele +
                                (no amulet)
HPRegen  0.25/turn              (no ring)
MPRegen  0.12/turn              (no ring)

@: brilliant, agile, tree-form (expiring), resistant, berserk cooldown, slowed,
very slow
A: berserk 1, deterioration 1, negative energy resistance 1, petrification
resistance, rot immunity, AC +7
a: Berserk, Trog's Hand, Brothers in Arms, Burn Spellbooks, Renounce Religion


You were on level 8 of the Dungeon.
You worshipped Trog.
Trog was extremely pleased with you.
You were not hungry.
You were a tree.
You visited 2 branches of the dungeon, and saw 9 of its levels.
You also visited: Ossuary.

You collected 539 gold pieces.

Inventory:

Hand Weapons
 a - a +0 mace
 w - a +0 dire flail (weapon)
Armour
 g - a +0 helmet (melded)
 i - a +1 shield
 y - a +0 plate armour (melded)
Wands
 s - a wand of flame (27)
Scrolls
 d - 3 scrolls of blinking
 e - a scroll of immolation
 h - 3 scrolls of teleportation
 p - 5 scrolls of remove curse
 q - 2 scrolls of identify
Potions
 f - 2 potions of haste
 j - a potion of brilliance
 k - a potion of degeneration
 m - a potion of berserk rage
 r - a potion of might
 t - a potion of flight
 z - a potion of invisibility
Comestibles
 c - 26 rations
 C - a chunk of flesh


   Skills:
 * Level 6.3 Fighting
 - Level 10.1 Maces & Flails
 - Level 10.5 Armour
 - Level 1.5 Dodging
 * Level 2.9 Shields


You had 9 spell levels left.
You didn't know any spells.

Dungeon Overview and Level Annotations

Branches:
Dungeon (8/15)             Temple (1/1) D:5
   Lair: D:8-11

Altars:
Cheibriados
Gozag
Makhleb
Sif Muna
Uskayaw
Vehumet
Xom
Zin
The Shining One

Shops:
D:4 [   D:7 }


Innate Abilities, Weirdness & Mutations

You are resistant to torment.
((Your stone body is resilient. (AC +7)))
You are immune to poison.
You resist negative energy. (rN+)
((You are resistant to electric shocks. (rElec)))
((You can survive without breathing.))
You are immune to petrification.
You are immune to rotting.
You tend to lose your temper in combat.
((Your flesh is cold resistant. (rC+)))
Your body sometimes deteriorates upon taking damage.
((You are occasionally teleported next to monsters.))


Message History

The orc warrior hits you from afar with a trident.
* * * LOW HITPOINT WARNING * * *
Okay, then.
You cannot teleport because you are held in place by your roots.
Okay, then.
As you read the scroll labeled DEMPYN QEUM, it crumbles to dust.
You feel blessed for a moment.
It was a scroll of remove curse.
Your transformation is almost over.
You feel a little less mighty now.
The orc warrior hits you but does no damage. x2
As you read the scroll labeled NOLLUC PONESI, it crumbles to dust.
You feel aware of your surroundings.
It was a scroll of magic mapping.
The orc warrior hits you but does no damage.
As you read the scroll labeled ASACSOYRE ZASCH, it crumbles to dust.
It is a scroll of enchant armour.
Your shield glows green for a moment.
The orc warrior barely misses you.
As you read the scroll labeled AZABLO AWIENO, it crumbles to dust.
You feel a surge of unholy energy.
The orc warrior convulses!
It was a scroll of torment.
The orc warrior hits you from afar with a trident!
You die...

<,,,,,,***,* #...# ,,,,,,,,,,,*
#.#.# ,,,,,,,***,****###
#######.#.#### ,,,,,,,*
*,,,,,..###.............
,,,,,,,*******##...........#..###
,,,,,,,,,,,,,,,..................
,,,,,,*********#.#####.#...##....
**,**** ######.#####...........
,,,* #.....♣......#.#....... ,,,*
#.....))o......#...[.#. ****
#...........#...#......
**********#.........[.#...#.#####
,,,,,,,,,.............+..........
*********##...........#...#..####
,,,,* #...........#...##.## #
***,* #...........#...##..# #
***,* *,,.........###**##.###


You could see an orc warrior.

Vanquished Creatures
  Pikel (D:7)
  Joseph (D:8)
  The ghost of mopl the Carver, a novice TeSk of Okawaru (D:5)
  Prince Ribbit (D:6)
  A wyvern (D:8)
  4 hogs (D:7)
  A human (D:7)
  2 orc warriors
  A hornet zombie (D:8)
  A phantom (D:4)
  2 ogres
  2 centaurs
  A big kobold (D:8)
  Blork the orc (D:5)
  3 scorpions
  3 howler monkeys
  2 crimson imps
  2 hounds
  A centaur skeleton (D:6)
  2 orc priests
  6 orc wizards
  3 iguanas
  5 worker ants
  A big kobold zombie (Ossuary)
  A hound skeleton (D:5)
  8 mummies (Ossuary)
  2 worker ant zombies
  3 gnolls (D:3)
  5 adders
  3 oozes
  6 adder zombies
  3 adder skeletons
  2 worms
  2 dart slugs (D:1)
  A leopard gecko (D:1)
  22 orcs
  8 bats
  6 giant cockroaches
  A gnoll zombie (Ossuary)
  4 hobgoblins
  10 jackals
  2 quokkas
  A ball python (D:2)
  5 frilled lizards
  12 goblins
  4 hobgoblin zombies (Ossuary)
  14 kobolds
  2 orc zombies (Ossuary)
  A quokka skeleton (D:6)
  A quokka zombie (D:7)
  5 rats
182 creatures vanquished.

Vanquished Creatures (others)
  A bullfrog skeleton (D:7)
  A howler monkey skeleton (D:7)
  A jackal (D:7)
3 creatures vanquished.

Grand Total: 185 creatures vanquished

Notes
Turn   | Place    | Note
-------+----------+-------------------------------------------
     0 | D:1      | Ghouzt the Gargoyle Berserker began the quest for the Orb.
     0 | D:1      | Reached XP level 1. HP: 14/14 MP: 1/1
   367 | D:1      | Reached XP level 2. HP: 16/19 MP: 2/2
   797 | D:1      | Reached XP level 3. HP: 20/24 MP: 3/3
   850 | D:1      | Reached ** piety under Trog
  1183 | D:1      | You fall through a shaft!
  1804 | D:3      | Reached XP level 4. HP: 28/29 MP: 4/4
  1892 | D:3      | Found a glowing silver altar of Zin.
  1892 | D:3      | Found a deep blue altar of Sif Muna.
  1892 | D:3      | Found a glowing golden altar of the Shining One.
  1893 | D:3      | Found an opulent altar of Gozag.
  2205 | D:3      | Reached XP level 5. HP: 15/33 MP: 5/5
  2654 | D:4      | Reached *** piety under Trog
  2760 | D:4      | Found Seraugunk's Armour Emporium.
  2766 | D:4      | Noticed an ogre
  2780 | D:4      | Killed an ogre
  2780 | D:4      | Reached skill level 5 in Maces & Flails
  2780 | D:4      | Reached XP level 6. HP: 29/39 MP: 6/6
  3235 | D:4      | Noticed a phantom
  3268 | D:4      | Killed a phantom
  3360 | D:4      | Reached XP level 7. HP: 44/44 MP: 7/7
  3779 | D:5      | Entered Level 5 of the Dungeon
  3814 | D:5      | Reached skill level 5 in Armour
  3900 | D:5      | Noticed mopl's ghost (novice TeSk)
  3910 | D:5      | Killed mopl's ghost
  3910 | D:5      | Reached XP level 8. HP: 48/48 MP: 8/8
  4213 | D:5      | Found a staircase to the Ecumenical Temple.
  4258 | D:5      | Noticed Blork the orc
  4288 | D:5      | Killed Blork the orc
  4638 | Temple   | Entered the Ecumenical Temple
  4789 | D:6      | HP: 1/72 [orc warrior/halberd (8)]
  5265 | D:6      | Found a radiant altar of Vehumet.
  5449 | D:6      | Noticed Prince Ribbit
  5630 | D:6      | Killed Prince Ribbit
  5696 | D:6      | Reached XP level 9. HP: 51/52 MP: 9/9
  5800 | D:7      | Found Vevyag's Gadget Emporium.
  5821 | D:7      | Found a shimmering altar of Xom.
  5825 | D:7      | Noticed Pikel
  5847 | D:7      | Killed Pikel
  6085 | D:7      | Reached skill level 10 in Armour
  6353 | D:7      | Found a sand-covered staircase.
  6372 | D:7      | Reached **** piety under Trog
  6536 | Ossuary  | Entered an ossuary
  7050 | D:8      | Reached skill level 10 in Maces & Flails
  7050 | D:8      | Reached XP level 10. HP: 49/58 MP: 10/10
  7229 | D:8      | Reached skill level 5 in Fighting
  7229 | D:8      | Reached skill level 1 in Shields
  7299 | D:8      | Noticed Joseph
  7314 | D:8      | Killed Joseph
  7380 | D:8      | Found a deep blue altar of Sif Muna.
  7404 | D:8      | Reached ***** piety under Trog
  7543 | D:8      | Gained mutation: Your body sometimes deteriorates upon taking damage. [potion of mutation]
  7543 | D:8      | Gained mutation: You tend to lose your temper in combat. [potion of mutation]
  7543 | D:8      | Gained mutation: You are occasionally teleported next to monsters. [potion of mutation]
  7543 | D:8      | Gained mutation: Your flesh is cold resistant. (rC+) [potion of mutation]
  7588 | D:8      | Slain by an orc warrior

Skill      XL: |  1  2  3  4  5  6  7  8  9 10 |
---------------+-------------------------------+-----
Fighting       | 4 6 |  6.3
Maces & Flails | 4 5 6 8 10 | 10.1
Armour         | 3 4 6 8 10 | 10.5
Shields        | 2 |  2.9
Dodging        | |  1.5

Action                   |  1- 3 |  4- 6 |  7- 9 | 10-12 || total
-------------------------+-------+-------+-------+-------++-------
Melee: Mace              |   131 |   196 |   105 |       ||   432
       Dire flail        |       |       |   277 |   127 ||   404
Invok: Berserk           |       |     2 |     9 |     1 ||    12
       Trog's Hand       |       |       |     2 |     1 ||     3
  Use: Scroll            |       |     2 |     2 |     4 ||     8
       Potion            |       |       |       |    13 ||    13
  Eat: Chunk             |     3 |     6 |    18 |     4 ||    31
       Ration            |       |       |     1 |       ||     1
Armor: Animal skin       |     9 |       |       |       ||     9
       Scale mail        |     7 |       |       |       ||     7
       Chain mail        |    65 |   125 |   182 |       ||   372
       Skin              |     2 |       |       |    25 ||    27
       Plate armour      |       |       |   102 |    98 ||   200
Dodge: Dodged            |    81 |    90 |   168 |    55 ||   394
